 Dungeon Crawl Stone Soup version 0.28-a0-1159-g27aa881441 (webtiles) character file.

Game seed: 14871939006762550486

2689 ducksouse the Cudgeller (level 9, -14/69 HPs)
             Began as a Demonspawn Berserker on Dec 15, 2021.
             Was an Elder of Trog.
             Killed from afar by a gargoyle (16 damage)
             ... with a stone arrow
             ... on level 7 of the Dungeon.
             The game lasted 00:26:24 (7305 turns).

ducksouse the Cudgeller (Demonspawn Berserker)      Turns: 7305, Time: 00:26:25

Health: -14/69     AC:  8    Str: 17    XL:     9   Next: 38%
Magic:  9/9        EV: 14    Int:  9    God:    Trog [****..]
Gold:   296        SH:  5    Dex: 17    Spells: 8/8 levels left

rFire   . . .      SeeInvis .   e - +2 mace (drain)
rCold   . . .      Faith    .   k - +0 buckler
rNeg    . . .      Spirit   .   h - +0 leather armour
rPois   .          Reflect  .   l - +0 helmet
rElec   .          Harm     .   b - +0 cloak
rCorr   .          Rampage  .   (no gloves)
Will    .....                   (no boots)
Stlth   ++........              (no amulet)
HPRegen 0.21/turn               (no ring)
MPRegen 0.22/turn               (no ring)

@: mighty, about to teleport
A: thin metallic scales 2, powered by death 1, magic regeneration
a: Renounce Religion, Berserk, Trog's Hand, Brothers in Arms


You were on level 7 of the Dungeon.
You worshipped Trog.
Trog was greatly pleased with you.
You visited 1 branch of the dungeon, and saw 7 of its levels.

You collected 296 gold pieces.

Inventory:

Hand Weapons
 a - a +0 falchion
 d - a +0 hand axe of electrocution
 e - a +2 mace of draining (weapon)
 B - a +1 trident of venom
 E - a +3 war axe
Missiles
 y - 7 boomerangs (quivered)
Armour
 b - a +0 cloak (worn)
 h - a +0 leather armour (worn)
 k - a +0 buckler (worn)
 l - a +0 helmet (worn)
 A - a scarf of repulsion
 F - a +1 pair of boots
Jewellery
 C - a +6 ring of dexterity
Scrolls
 j - a scroll of summoning
 o - 2 scrolls of brand weapon
 q - a scroll of teleportation
 r - a scroll of fog
 u - 2 scrolls of fear
 v - a scroll of noise {unknown}
 x - 2 scrolls of immolation {unknown}
 D - a scroll of blinking {unknown}
Potions
 c - 2 potions of mutation {unknown}
 f - a potion of berserk rage {unknown}
 g - 4 potions of might
 i - a potion of resistance {unknown}
 m - a potion of degeneration {unknown}
 n - a potion of invisibility {unknown}
 p - 2 potions of curing
 s - a potion of attraction {unknown}
 t - 2 potions of heal wounds {unknown}
 w - a potion of lignification {unknown}
 z - 2 potions of brilliance {unknown}


   Skills:
 + Level 5.9 Fighting
 + Level 3.1 Long Blades
 + Level 0.1(4.4) Axes
 + Level 7.3 Maces & Flails
 + Level 2.1 Throwing
 + Level 4.0 Armour
 + Level 5.1 Dodging
 + Level 1.8 Stealth
 + Level 3.0 Shields


You had 8 spell levels left.
You didn't know any spells.
Your spell library contained the following spells:

 Spells                   Type           Power      Damage    Failure   Level
 Sublimation of Blood     Necr           0%         N/A       63%         2
 Petrify                  Tmut/Erth      0%         N/A       99%         4
 Irradiate                Conj/Tmut      0%         3d13      100%        5


Dungeon Overview and Level Annotations

Branches:
Dungeon (7/15)             Temple (0/1) D:7

Altars:
Ashenzari
Hepliaklqana
Nemelex Xobeh
Okawaru
Qazlal
Trog

Annotations:
D:6 2 transporters, SensoryNuts's ghost, novice DsGl


Innate Abilities, Weirdness & Mutations

You are mostly covered in thin metallic scales. (AC +3)
You regenerate a little health from kills.
You regenerate magic rapidly.


Message History

The bullfrog zombie hits you. Something hits you but does no damage.
Something envenoms you.
You are poisoned.
The bullfrog zombie hits you but does no damage.
Unknown command.
You hit the bullfrog zombie.
The bullfrog zombie is heavily damaged.
You feel sick.
You hear some strange, mumbled words.
A magic dart appears from out of thin air!
The magic dart hits you.
The gargoyle hurls a stone arrow at you.
The stone arrow hits you!!
* * * LOW HITPOINT WARNING * * *
You feel better. Something barely misses you.
You feel very mighty all of a sudden.
You hear some strange, mumbled words.
A puff of flame appears from out of thin air!
The puff of flame hits you.
* * * LOW HITPOINT WARNING * * *
The orc wizard hits you with a +0 dagger.
* * * LOW HITPOINT WARNING * * *
You thump the orc wizard! You drain the orc wizard.
The orc wizard is almost dead.
Something hits you but does no damage. The gargoyle misses you.
The orc wizard hits you but does no damage.
As you read the scroll of teleportation, it crumbles to dust.
You feel strangely unstable. Something barely misses you.
The gargoyle hurls a stone arrow at you.
The stone arrow hits you!
* * * LOW HITPOINT WARNING * * *
The orc wizard hits you but does no damage.
You feel better.
You hear some strange, mumbled words.
A puff of flame appears from out of thin air!
The puff of flame hits you.
* * * LOW HITPOINT WARNING * * *
The gargoyle hurls a stone arrow at you.
The stone arrow hits you!
You die...

..# #.# .# .#####.# .#.
.......# ..
##'#########'#####
...o...#..)#.#...#
.9###.o#.(.##..#.# u##
##.#...(...(.# # .#
#.###.....#.##.#.#
.###.#.'....8..9@oZ..#
....##.###.....#{##.#.#
(..##..#.........# ####
..#).[##..#.#
..##...#.#...# ##
#####'##### #.........#
#.#+###'#.#.#
#.....#.#.#


You could see a gargoyle, an orc wizard (drained) and a bullfrog zombie.

Vanquished Creatures
  Eustachio (D:6)
  A hornet zombie (D:6)
  2 sky beasts
  2 black bears
  An ice beast (D:7)
  2 ogres (D:6)
  2 necrophages
  2 phantoms
  A kobold brigand (D:7)
  A scorpion (D:6)
  A wyvern skeleton (D:6)
  2 water moccasin skeletons (D:7)
  A bullfrog zombie (D:6)
  6 centaur zombies
  A centaur skeleton (D:7)
  3 orc priests (D:6)
  7 hounds
  7 iguanas
  A scorpion zombie (D:5)
  10 orc wizards
  A hound zombie (D:5)
  A howler monkey zombie (D:6)
  3 gnolls (D:2)
  A howler monkey skeleton (D:7)
  An adder (D:4)
  2 shadow imps
  A white imp (D:3)
  An ufetubus (D:5)
  2 worms
  An adder skeleton (D:4)
  5 dart slugs
  36 orcs
  3 bats
  6 endoplasms
  4 giant cockroaches
  7 goblins
  9 hobgoblins
  3 jackals (D:1)
  6 ball pythons
  7 frilled lizards
  12 kobolds
  10 rats
176 creatures vanquished.

Vanquished Creatures (others)
  A plant (D:7)
  9 withered plants (D:6)
10 creatures vanquished.

Grand Total: 186 creatures vanquished

Notes
Turn   | Place    | Note
-------+----------+-------------------------------------------
     0 | D:1      | ducksouse the Demonspawn Berserker began the quest for the
                  | Orb.
     0 | D:1      | Reached XP level 1. HP: 18/18 MP: 1/1
   368 | D:1      | Gained mutation: You regenerate a little health from kills.
                  | [demonic ancestry]
   368 | D:1      | Reached XP level 2. HP: 24/24 MP: 2/2
   932 | D:1      | Reached XP level 3. HP: 28/29 MP: 3/3
   951 | D:1      | Found a faded altar of an unknown god.
  1007 | D:1      | Reached ** piety under Trog
  1417 | D:2      | Reached skill level 1 in Maces & Flails
  1577 | D:2      | Reached XP level 4. HP: 35/35 MP: 4/4
  2386 | D:3      | Reached skill level 2 in Maces & Flails
  2474 | D:3      | Reached XP level 5. HP: 29/42 MP: 5/5
  3064 | D:3      | Found an iron altar of Okawaru.
  3165 | D:4      | Noticed a black bear
  3172 | D:4      | Killed a black bear
  3173 | D:4      | Reached skill level 3 in Maces & Flails
  3173 | D:4      | Gained mutation: You are partially covered in thin metallic
                  | scales. (AC +2) [demonic ancestry]
  3173 | D:4      | Reached XP level 6. HP: 48/48 MP: 6/6
  3228 | D:4      | Found a hazy altar of Hepliaklqana.
  3571 | D:4      | Found a broken altar of Ashenzari.
  4055 | D:5      | Entered Level 5 of the Dungeon
  4089 | D:5      | Reached skill level 4 in Maces & Flails
  4089 | D:5      | Gained mutation: You are mostly covered in thin metallic
                  | scales. (AC +3) [demonic ancestry]
  4089 | D:5      | Reached XP level 7. HP: 48/55 MP: 7/7
  4138 | D:5      | Reached skill level 1 in Shields
  4293 | D:5      | Reached *** piety under Trog
  4294 | D:5      | Reached skill level 1 in Stealth
  4392 | D:5      | Found a stormy altar of Qazlal.
  4947 | D:6      | Reached skill level 5 in Maces & Flails
  5005 | D:6      | Reached skill level 1 in Throwing
  5005 | D:6      | Reached XP level 8. HP: 52/61 MP: 8/8
  5638 | D:6      | Reached skill level 5 in Fighting
  5692 | D:6      | Noticed Eustachio
  5743 | D:6      | Killed Eustachio
  5744 | D:6      | Reached skill level 6 in Maces & Flails
  5927 | D:6      | Found a sparkling altar of Nemelex Xobeh.
  6019 | D:6      | Gained mutation: You regenerate magic rapidly. [demonic
                  | ancestry]
  6019 | D:6      | Reached XP level 9. HP: 68/68 MP: 9/9
  6050 | D:6      | Reached **** piety under Trog
  6080 | D:6      | Found a transporter.
  6082 | D:6      | Noticed SensoryNuts's ghost (novice DsGl)
  6084 | D:6      | Identified the +11 dire flail of Zedghuol {protect, Stlth+}
  6084 | D:6      | Noticed a two-headed ogre
  6432 | D:6      | Found a transporter.
  6674 | D:7      | Reached skill level 7 in Maces & Flails
  6693 | D:7      | Noticed a gargoyle
  6699 | D:7      | Noticed a brown ugly thing
  6923 | D:7      | Found a staircase to the Ecumenical Temple.
  7135 | D:7      | Reached skill level 5 in Dodging
  7140 | D:7      | Found a bloodstained altar of Trog.
  7304 | D:7      | HP: 3/69 [gargoyle/stone arrow (15)]
  7305 | D:7      | Killed from afar by a gargoyle

Illustrated notes

Levels and vault maps discovered:
D:1:      saegor_arrival_simple_d, layout_basic,
          hellmonk_ecumenical_altar_dog_temple
D:2:      layout_basic
D:3:      layout_loops_ring, okawaru_gym_becter
D:4:      nicolae_cairo_tiling_large_dashed, layout_cave_pools,
          ashenzari_conservatory_becter, mainiacjoe_overflow_24_doors,
          grunt_ministairs_12
D:5:      layout_loops_cross, mainiacjoe_overflow_brackets
D:6:      layout_loops_ring, mainiacjoe_overflow_cross_hatched, serial_undead,
          serial_undead_d, serial_undead_a, serial_undead_e, serial_undead_b,
          gammafunk_ghost_smash, uniq_eustachio
D:7:      minmay_the_grid_plus [minmay_the_grid_diamond_grid,
          minmay_the_grid_aliased_spiral, minmay_the_grid_odd_star,
          minmay_the_grid_doors, minmay_the_grid_prize_big_room],
          layout_layer_cave, marbit_many_paths,
          minmay_temple_entry_gardened_gates, nicolae_ossuary_entry_plus,
          uniq_maggie

Skill      XL: |  1  2  3  4  5  6  7  8  9 |
---------------+----------------------------+-----
Long Blades    | 3 |  3.1
Dodging        | 2 3 4 5 |  5.1
Armour         | 2 3 4 |  4.0
Maces & Flails | 1 2 3 4 5 6 7 |  7.3
Fighting       | 4 5 |  5.9
Shields        | 1 2 3 |  3.0
Stealth        | 1 |  1.8
Throwing       | 1 2 |  2.1
Axes           | |  0.1

Action                   |  1- 3 |  4- 6 |  7- 9 || total
-------------------------+-------+-------+-------++-------
Melee: Falchion          |    19 |       |       ||    19
       Hand axe          |    12 |       |       ||    12
       Mace              |    61 |   155 |   384 ||   600
Throw: Boomerang         |       |       |    38 ||    38
Invok: Berserk           |     1 |     2 |     4 ||     7
       Trog's Hand       |       |       |     2 ||     2
  Use: Scroll            |       |     4 |     5 ||     9
       Potion            |       |       |     3 ||     3
 Stab: Distracted        |     1 |       |       ||     1
Armor: Animal skin       |     2 |       |       ||     2
       Leather armour    |    16 |    53 |   212 ||   281
Dodge: Dodged            |    53 |    83 |   277 ||   413
Block: Buckler           |     7 |    23 |    92 ||   122

Table legend: (Time is in decaauts)
 A = Elapsed time spent in this place.
 B = Non-inter-level travel time spent in this place.
 C = Inter-level travel time spent in this place.
 D = Time resting spent in this place.
 E = Time spent auto-exploring this place.
 F = Levels seen in this place.
 G = Mean time per level.
                   A        B        C        D        E       F      G
               +--------+--------+--------+--------+--------+-----+--------+
         Total |   7517 |   7194 |    323 |    836 |   3809 |   7 | 1073.9 |
       Dungeon |   7517 |   7194 |    323 |    836 |   3809 |   7 | 1073.9 |
               +--------+--------+--------+--------+--------+-----+--------+

Top non-repeatable levels by time:
     D:6: 1650 daAuts
     D:1: 1197 daAuts
     D:2: 1162 daAuts
     D:4: 918 daAuts
     D:3: 887 daAuts
     D:5: 878 daAuts
     D:7: 823 daAuts
